 Dungeon Crawl Stone Soup version 0.31.0-32-g396128a36d (webtiles) character file.

Game seed: 13363808458491261720

779 ChrisAssaf the Caller (level 7, -2/49 HPs)
             Began as a Human Summoner on Mar 23, 2024.
             Was an Initiate of Yredelemnul.
             Slain by Prince Ribbit (16 damage)
             ... on level 5 of the Dungeon.
             The game lasted 00:20:47 (5669 turns).

ChrisAssaf the Caller (Human Summoner)              Turns: 5669, Time: 00:20:48

Health: -2/49      AC:  2    Str:  8    XL:     7   Next: 85%
Magic:  9/13       EV: 12    Int: 18    God:    Yredelemnul [......]
Gold:   176        SH:  0    Dex: 13    Spells: 4/14 levels left

rFire   . . .        n - +0 lajatang
rCold   . . .        (shield currently unavailable)
rNeg    . . .        a - +0 robe
rPois   .            (no helmet)
rElec   .            (no cloak)
rCorr   .            (no gloves)
SInv    .            (no boots)
Will    .....        (no amulet)
Stlth   ++           (no ring)
HPRegen 0.28/turn    (no ring)
MPRegen 0.13/turn

%: no passive effects
@: no status effects
A: explore regen
a: Renounce Religion, Recall Undead Harvest


You were on level 5 of the Dungeon.
You worshipped Yredelemnul.
Yredelemnul was noncommittal.
You visited 1 branch of the dungeon, and saw 5 of its levels.

You collected 176 gold pieces.

Inventory:

Hand Weapons
 n - a +0 lajatang (weapon)
Armour
 a - a +0 robe (worn)
Wands
 m - a wand of paralysis (8)
Scrolls
 h - a scroll of amnesia
Potions
 b - a potion of magic
 c - 7 potions of curing
 d - 2 potions of degeneration
 e - 2 potions of heal wounds
 f - a potion of brilliance {unknown}
 g - a potion of attraction
 i - 2 potions of might
 j - a potion of berserk rage {unknown}
 k - a potion of haste
 l - a potion of invisibility {unknown}


   Skills:
 * Level 1.9 Fighting
 * Level 1.1 Staves
 * Level 2.2 Armour
 * Level 2.9 Dodging
 * Level 3.2 Stealth
 * Level 4.1 Spellcasting
 * Level 5.8 Summonings
 * Level 1.5 Air Magic
 * Level 1.9 Invocations
 * Level 1.6 Evocations


You had 4 spell levels left.
You knew the following spells:

 Your Spells              Type           Power      Damage    Failure   Level
a - Summon Small Mammal   Summ           96%        N/A       1%          1
b - Call Imp              Summ           48%        N/A       1%          2
c - Call Canine Familiar  Summ           24%        N/A       4%          3
d - Summon Lightning Spi  Summ/Air       17%        N/A       32%         4

Your spell library contained the following spells:

 Spells                   Type           Power      Damage    Failure   Level
 Apportation              Tloc           6%         N/A       14%         1
 Jinxbite                 Hex            6%         N/A       22%         2
 Lesser Beckoning         Tloc           6%         N/A       22%         2
 Gell's Gravitas          Tloc           3%         N/A       41%         3
 Teleport Other           Tloc           3%         N/A       41%         3
 Summon Blazeheart Golem  Fire/Summ      14%        N/A       41%         4
 Alistair's Intoxication  Alch           2%         N/A       99%         5


Dungeon Overview and Level Annotations

Branches:
Dungeon (5/15)             Temple (0/1) D:4

Altars:
Dithmenos
Gozag
Yredelemnul

Annotations:
D:5 Menkaure, Prince Ribbit


Innate Abilities, Weirdness & Mutations

You regain HP and MP as you explore.


Message History

The scorpion is almost dead.
You feel sick. The scorpion closely misses you.
Your inugami hits the scorpion but does no damage.
The scorpion stings you!
You closely miss the scorpion.
The scorpion is almost dead.
You feel sick. The scorpion stings you.
You are more poisoned.
The scorpion poisons you!
Your inugami hits the scorpion.
The scorpion dies!
Your Staves skill increases to level 1!
You start resting.
You feel very sick. x2
You feel sick. x9
You are no longer poisoned.
You start resting.
Your inugami disappears in a puff of smoke!
HP restored.
Prince Ribbit comes into view.
Prince Ribbit gives a loud, deep croak!
You see here 7 gold pieces.
You now have 176 gold pieces (gained 7).
Menkaure, Prince of Dust comes into view.
Casting: Call Canine Familiar (dangerous; 4% risk of failure)
Confirm with . or Enter, or press ? or * to list all spells.
An electric hum fills the air.
Menkaure shouts!
Prince Ribbit hits you. Prince Ribbit hits you!
Your lightning spire shoots out a bolt of lightning at Prince Ribbit!
The bolt of electricity hits Prince Ribbit!
Prince Ribbit barely misses you. Prince Ribbit hits you!
* * * LOW HITPOINT WARNING * * *
Your lightning spire shoots out a bolt of lightning at Prince Ribbit!
The bolt of electricity hits Prince Ribbit.
You miss Prince Ribbit.
Prince Ribbit is moderately wounded.
Prince Ribbit hits you!
You die...
Your body rises from the dead as a mindless zombie.

.... .... ..... ...#
..... #...# ......
....##.
......#######....#...
......F@.##...........
.....8................
......................
.....................#
.....................##
......................##
.......................#
.......................#
........................


You could see Prince Ribbit (ally target) and a friendly lightning spire
(summoned).

Vanquished Creatures
  A nameless horror (D:5)
  An ufetubus (D:5)
2 creatures vanquished.

Vanquished Creatures (collateral kills)
  The ghost of middlethird the Magician, an amateur VSIE (D:4)
  An ogre (D:4)
  A centaur (D:5)
  A phantom (D:5)
  A scorpion (D:5)
  A howler monkey (D:4)
  A bombardier beetle (D:5)
  A jelly (D:5)
  2 hounds
  2 iguanas (D:4)
  6 adders
  An ufetubus (D:5)
  3 ribbon worms
  2 dart slugs (D:2)
  5 orcs (D:3)
  8 ball pythons
  8 bats
  5 endoplasms
  5 giant cockroaches
  8 goblins
  12 hobgoblins
  4 jackals (D:4)
  6 kobolds
  5 quokkas
  2 frilled lizards
92 creatures vanquished.

Vanquished Creatures (others)
  A centaur zombie (D:5)
  2 adder zombies
  An endoplasm zombie (D:4)
  A giant cockroach zombie (D:4)
  A goblin zombie (D:4)
  A hobgoblin zombie (D:4)
  2 jackal zombies (D:4)
  A kobold zombie (D:4)
  2 orc zombies (D:3)
  A spectral ufetubus (D:5)
13 creatures vanquished.

Grand Total: 107 creatures vanquished

Notes
Turn   | Place    | Note
-------+----------+-------------------------------------------
     0 | D:1      | ChrisAssaf the Human Summoner began the quest for the Orb.
     0 | D:1      | Reached XP level 1. HP: 13/13 MP: 3/3
   277 | D:1      | Reached XP level 2. HP: 14/19 MP: 1/5
   280 | D:1      | Learned a level 2 spell: Call Imp
  1302 | D:2      | Reached XP level 3. HP: 24/24 MP: 3/6
  1331 | D:2      | Learned a level 3 spell: Call Canine Familiar
  1612 | D:2      | Reached XP level 4. HP: 16/31 MP: 1/7
  2565 | D:3      | Reached skill level 1 in Armour
  3070 | D:3      | Found a faded altar of an unknown god.
  3114 | D:3      | Prayed at the altar of an unknown god.
  3114 | D:3      | Became a worshipper of Yredelemnul the Dark
  3114 | D:3      | Reached * piety under Yredelemnul
  3386 | D:3      | Found a shadowy altar of Dithmenos.
  3521 | D:3      | Reached XP level 5. HP: 36/36 MP: 6/9
  3647 | D:4      | Noticed an ogre
  3658 | D:4      | Killed an ogre
  3659 | D:4      | Reached skill level 1 in Fighting
  3659 | D:4      | Reached skill level 5 in Summonings
  3668 | D:4      | Found a staircase to the Ecumenical Temple.
  3675 | D:4      | Reached XP level 6. HP: 43/43 MP: 11/11
  3680 | D:4      | Learned a level 4 spell: Summon Lightning Spire
  3737 | D:4      | Reached ** piety under Yredelemnul
  3837 | D:4      | Reached skill level 1 in Invocations
  4124 | D:4      | Found an opulent altar of Gozag.
  4162 | D:4      | Reached *** piety under Yredelemnul
  4543 | D:4      | Found a large runed translucent door.
  4543 | D:4      | Found a large runed translucent door.
  4547 | D:4      | Noticed middlethird's ghost (amateur VSIE)
  4560 | D:4      | Killed middlethird's ghost
  4561 | D:4      | Reached skill level 1 in Air Magic
  4561 | D:4      | Reached skill level 1 in Evocations
  4561 | D:4      | Reached XP level 7. HP: 48/48 MP: 8/12
  4895 | D:5      | Entered Level 5 of the Dungeon
  5255 | D:5      | Noticed a nameless horror
  5279 | D:5      | Killed a nameless horror
  5504 | D:5      | Reached skill level 1 in Staves
  5662 | D:5      | Noticed Prince Ribbit
  5665 | D:5      | Noticed Menkaure
  5669 | D:5      | Slain by Prince Ribbit

Illustrated notes

Levels and vault maps discovered:
D:1:      saegor_arrival_under_anarchy, layout_basic, minmay_misc_feat_hallway,
          hex_medium
D:2:      minmay_angry_zag, layout_loops_ring, serial_forest,
          infiniplex_forest_lined_2, infiniplex_forest_end_2,
          infiniplex_forest_clump_small, infiniplex_forest_lined_room_2,
          infiniplex_forest_straight_3, infiniplex_forest_pool,
          infiniplex_forest_lined_room_2, infiniplex_forest_straight_4,
          infiniplex_forest_lined_4_way, chequers_serial_rivers_micro_c
D:3:      layout_loops_corners, mainiacjoe_overflow_alcove_4,
          chequers_ecumenical_altar_island
D:4:      layout_cave_pods, mainiacjoe_overflow_concentric_impassable,
          minmay_temple_entry_wispy, ebering_ghost_disaster_area,
          dk_noncrumbling_2
D:5:      layout_layer_cave, lightli_temple_of_fire, item_on_display_a,
          uniq_grinder, uniq_prince_ribbit1, uniq_menkaure

Skill      XL: |  1  2  3  4  5  6  7 |
---------------+----------------------+-----
Armour         | 1 2 |  2.2
Spellcasting   | 3 4 |  4.1
Fighting       | 1 |  1.9
Summonings     | 5 |  5.8
Invocations    | 1 |  1.9
Air Magic      | 1 |  1.5
Evocations     | 1 |  1.6
Stealth        | 3 |  3.2
Staves         | 1 |  1.1
Dodging        | |  2.9

Action                     |  1- 3 |  4- 6 |  7- 9 || total
---------------------------+-------+-------+-------++-------
  Melee: Unarmed           |     5 |     3 |     1 ||     9
         Lajatang          |       |       |    34 ||    34
   Cast: Summon Small Mamm |    13 |       |       ||    13
         Call Imp          |    17 |    14 |       ||    31
         Call Canine Famil |     3 |    11 |     3 ||    17
         Summon Lightning  |       |     4 |     4 ||     8
 Invoke: Recall Undead Har |       |     5 |       ||     5
  Evoke: Wand              |       |     4 |       ||     4
    Use: Scroll            |     6 |     5 |     2 ||    13
         Potion            |       |       |     2 ||     2
   Stab: Distracted        |       |       |     1 ||     1
 Armour: Robe              |    39 |    49 |    51 ||   139
  Dodge: Dodged            |    41 |    45 |    49 ||   135
